 Dungeon Crawl Stone Soup version 0.25-a0-804-g50c693f418 (webtiles) character file.

Game seed: 7487963386914500225, levelgen mode: deterministic

3969 Esekla the Zephyrmancer (level 10, -4/53 HPs)
             Began as a Tengu Venom Mage on Apr 19, 2020.
             Was a Believer of Ashenzari.
             Slain by a skeletal warrior
             ... wielding a +0 trident
              (15 damage)
             ... on level 7 of the Dungeon.
             The game lasted 01:27:20 (10077 turns).

Esekla the Zephyrmancer (Tengu Venom Mage)         Turns: 10077, Time: 01:27:21

Health: -4/53      AC:  6    Str: 13    XL:     10   Next: 22%
Magic:  22/31      EV: 14    Int: 18    God:    Ashenzari [**....]
Gold:   43         SH:  0    Dex: 14    Spells: 5/23 levels left

rFire    . . .     SeeInvis .   T - +8 great sword of the End {vorpal, Str+3}
rCold    . . .     Gourm    .   (shield currently unavailable)
rNeg     . . .     Faith    +   a - +0 robe
rPois    .         Spirit   .   (helmet restricted)
rElec    .         Reflect  .   E - +2 cloak
rCorr    .         Harm     .   I - +0 pair of gloves
MR       .....                  (boots unavailable)
Stlth    ++........             n - amulet of faith (curse)
HPRegen  0.17/turn              p - ring of magical power (curse)
MPRegen  0.22/turn              (no ring)

@: no status effects
A: beak, talons 3, able to fly
a: Fly, Curse Item, Scrying, Renounce Religion


You were on level 7 of the Dungeon.
You worshipped Ashenzari.
Ashenzari was pleased with you.
You were not hungry.

You visited 2 branches of the dungeon, and saw 9 of its levels.
You also visited: Sewer.

You collected 307 gold pieces.
You spent 264 gold pieces at shops.

Inventory:

Hand Weapons
 g - a +1 dagger
 o - a +0 vampiric spear
 u - a +0 falchion
 v - a +2 dagger of venom
 w - a +2 war axe of flaming
 J - a +2 broad axe of venom
 R - a +1 short sword of holy wrath
 T - the +8 great sword of the End (weapon) {vorpal, Str+3}
   (You bought it in a shop on level 6 of the Dungeon)

   It inflicts extra damage upon your enemies.
   It affects your strength (+3).
Missiles
 x - 11 poisoned darts (quivered)
 G - 10 boomerangs
Armour
 a - a +0 robe (worn)
 l - a +0 ring mail of fire resistance
 E - a +2 cloak (worn)
 I - a +0 pair of gloves (worn)
Jewellery
 n - a cursed amulet of faith (around neck)
 p - a cursed ring of magical power (left hand)
 M - an uncursed ring of protection from magic
 P - an uncursed ring of fire
Wands
 s - a wand of polymorph (6)
 t - a wand of random effects (38)
 A - a wand of flame (20)
 N - a wand of scattershot (7)
Scrolls
 d - 4 scrolls of magic mapping {unknown}
 e - 5 scrolls of teleportation {unknown}
 i - 2 scrolls of fog {unknown}
 r - 2 scrolls of enchant armour {unknown}
 B - 2 scrolls of amnesia {unknown}
 D - a scroll of vulnerability {unknown}
 H - 2 scrolls of blinking {unknown}
 L - a scroll of enchant weapon
 O - a scroll of identify
 Q - 2 scrolls of immolation {unknown}
Potions
 b - 2 potions of heal wounds
 f - 4 potions of stabbing
 h - a potion of ambrosia {unknown}
 j - 2 potions of flight
 k - 4 potions of lignification
 m - a potion of magic {unknown}
 q - 8 potions of curing
 z - a potion of cancellation {unknown}
 C - 2 potions of brilliance {unknown}
 F - 2 potions of resistance {unknown}
 K - a potion of degeneration {unknown}
Comestibles
 c - 10 rations


   Skills:
 + Level 2.2 Fighting
 - Level 3.8(4.1) Short Blades
 * Level 2.2(3.3) Long Blades
 + Level 0.2 Throwing
 + Level 4.1 Dodging
 - Level 2.0 Stealth
 * Level 7.4 Spellcasting
 + Level 4.8(6.2) Conjurations
 + Level 3.6(5.0) Necromancy
 + Level 0.9(1.7) Transmutations
 + Level 4.3(5.7) Fire Magic
 * Level 2.3(3.5) Ice Magic
 + Level 9.3(10.7) Air Magic
 + Level 3.4(4.8) Poison Magic


You had 5 spell levels left.
You knew the following spells:

 Your Spells              Type           Power        Failure   Level  Hunger
a - Ozocubu's Armour      Chrm/Ice       ##......     14%         3    #......
b - Ignite Poison         Fire/Tmut/Pois ###.....     6%          3    #......
c - Mephitic Cloud        Conj/Pois/Air  ####....     1%          3    #......
d - Vampiric Draining     Necr           ###.......   4%          3    #......
e - Sting                 Tmut/Pois      ###.         2%          1    None
f - Frozen Ramparts       Ice            ###...       7%          3    #......
v - Poisonous Vapours     Pois/Air       ####..       1%          2    None

Your spell library contained the following spells:

 Spells                   Type           Power        Failure   Level  Hunger
 Animate Skeleton         Necr           N/A          1%          1    None
 Pain                     Necr           ###.         1%          1    None
 Freeze                   Ice            ###.         2%          1    None
 Ensorcelled Hibernation  Hex/Ice        ##....       8%          2    None
 Dazzling Flash           Conj/Hex       ###...       9%          3    #......
 Corona                   Hex            #......      10%         1    None
 Animate Dead             Necr           N/A          13%         4    ###....
 Hailstorm                Conj/Ice       ###.....     14%         4    ###....
 Olgreb's Toxic Radiance  Pois           ###.....     14%         4    ###....
 Confusing Touch          Hex            #.......     28%         3    #......
 Tukima's Dance           Hex            #.......     28%         3    #......
 Agony                    Necr           ###.....     36%         5    #####..
 Summon Ice Beast         Ice/Summ       ##......     43%         4    ###....


Dungeon Overview and Level Annotations

Branches:
Dungeon (8/15)             Temple (1/1) D:5           Sewer (visited)
   Lair: D:8-11

Altars:
Ashenzari
Cheibriados
Dithmenos
Elyvilon
Fedhas
Gozag
Hepliaklqana
Kikubaaqudgha
Makhleb
Nemelex Xobeh
Okawaru
Qazlal
Ru
Sif Muna
Trog
Uskayaw
Vehumet
Wu Jian
Xom
Yredelemnul
Zin
The Shining One

Shops:
D:4 }   D:6 (

Annotations:
D:5 1 runed translucent door, Crazy Yiuf


Innate Abilities, Weirdness & Mutations

You have a beak for a mouth.
You have claws for feet.
You can fly continuously.


Message History

The skeletal warrior hits you but does no damage.
The skeletal warrior is engulfed in blazing flames. x2
You destroy the skeletal warrior!
Your base Long Blades skill increases to level 2!
The skeletal warrior is engulfed in blazing flames.
The skeletal warrior hits you with a +0 trident!!
* * * LOW HITPOINT WARNING * * *
You feel much better.
The skeletal warrior is engulfed in blazing flames.
The skeletal warrior hits you with a +0 trident!
* * * LOW HITPOINT WARNING * * *
You feel much better. The skeletal warrior barely misses you.
You completely miss the skeletal warrior.
You claw the skeletal warrior, but do no damage.
The skeletal warrior is lightly damaged.
The skeletal warrior is engulfed in blazing flames.
The skeletal warrior hits you with a +0 trident!
* * * LOW HITPOINT WARNING * * *
The skeletal warrior hits you from afar with a +0 trident!
You die...

#.# #.###....8)...### #.# #.#
###...).###.. #.# #.# #.....#....
#.# #.######...###...
###########.#####.#....#...#...#.
......................###)######.
###.#.#####.####..#.#.# #(# #.
#.#.#####.# #.##.#.###'# ####.
#.#.##o...# #@##.#.##.)# #....
#.#.##.#### #.##.#.##(.# #.###
#.#.##.# #z##>#(##(## #.#
#.#.##.# #z##....#[# ### #.#.##.#
#)####..#.#### , #.#.##.###
#....z.......# , z #..†.....#
#.......(....#,..# ###.##.#.#
##.###..#.####...# #.##.#.# #.#
#..#.##.z...#


You could see 2 skeletal warriors.

Vanquished Creatures
  A skeletal warrior (D:7)
  Joseph (D:7)
  A wyvern (D:8)
  Duvessa (D:7)
  An orc warrior (D:6)
  An ice beast (D:6)
  A sky beast (D:6)
  3 ogres (D:6)
  3 centaurs
  5 bullfrogs
  4 big kobolds
  Dowan (D:7)
  2 scorpions
  2 killer bees (D:8)
  3 howler monkeys
  A centaur zombie (D:6)
  A bullfrog zombie (D:7)
  3 jellies (D:8)
  A hound (D:6)
  4 orc priests
  A centaur skeleton (D:8)
  7 orc wizards
  A bullfrog skeleton (D:7)
  A gnoll shaman (D:7)
  6 iguanas
  4 worker ants
  A hound zombie (D:7)
  4 gnolls (D:7)
  11 adders
  3 river rats (Sewer)
  5 oozes (D:8)
  An adder zombie (D:1)
  A worm (D:3)
  2 dart slugs
  6 leopard geckos
  20 orcs
  9 ball pythons
  11 giant cockroaches
  2 goblins (D:2)
  8 hobgoblins
  2 jackals (D:6)
  5 quokkas
  4 bats
  4 frilled lizards
  A giant cockroach zombie (D:1)
  A jackal skeleton (D:2)
  A jackal zombie (D:8)
  17 kobolds
  A leopard gecko skeleton (D:4)
  A quokka zombie (D:5)
  24 rats
205 creatures vanquished.

Notes
Turn   | Place    | Note
-------+----------+-------------------------------------------
     0 | D:1      | Esekla the Tengu Venom Mage began the quest for the Orb.
     0 | D:1      | Reached XP level 1. HP: 10/10 MP: 4/4
   686 | D:1      | Reached XP level 2. HP: 11/16 MP: 6/6
   690 | D:1      | Learned a level 2 spell: Poisonous Vapours
   885 | D:2      | Reached XP level 3. HP: 17/20 MP: 1/7
   892 | D:2      | Learned a level 3 spell: Mephitic Cloud
   992 | D:2      | Reached skill level 1 in Air Magic
  1197 | D:2      | Reached skill level 1 in Fighting
  1283 | D:2      | Reached XP level 4. HP: 25/25 MP: 9/9
  1291 | D:2      | Learned a level 3 spell: Ignite Poison
  1702 | D:1      | Reached skill level 2 in Air Magic
  2252 | D:3      | Found an iron altar of Okawaru.
  2468 | D:3      | Reached skill level 1 in Short Blades
  2468 | D:3      | Reached skill level 1 in Fire Magic
  2468 | D:3      | Gained mutation: You can fly continuously. [Tengu growth]
  2468 | D:3      | Reached XP level 5. HP: 9/29 MP: 0/11
  2654 | D:3      | Found a blossoming altar of Fedhas.
  2911 | D:3      | Reached skill level 3 in Air Magic
  3128 | D:4      | Found a glowing drain.
  3210 | Sewer    | Entered a sewer
  3893 | Sewer    | Reached XP level 6. HP: 34/34 MP: 7/12
  3962 | Sewer    | Reached skill level 1 in Conjurations
  3962 | Sewer    | Reached skill level 4 in Air Magic
  4578 | Sewer    | Reached XP level 7. HP: 16/38 MP: 8/14
  5622 | D:4      | Reached skill level 5 in Air Magic
  5645 | D:4      | Found Xidoh's Gadget Shop.
  5673 | D:4      | Learned a level 3 spell: Vampiric Draining
  5840 | D:5      | Entered Level 5 of the Dungeon
  5956 | D:5      | Found a staircase to the Ecumenical Temple.
  6054 | D:5      | Found a white marble altar of Elyvilon.
  6121 | Temple   | Entered the Ecumenical Temple
  6349 | Temple   | Became a worshipper of Ashenzari the Shackled
  6559 | D:5      | Found a runed translucent door.
  6560 | D:5      | Noticed Crazy Yiuf
  6708 | D:5      | Reached skill level 1 in Long Blades
  6854 | D:6      | Found Fakir's Antique Weapon Boutique.
  6909 | D:6      | Reached skill level 5 in Spellcasting
  6909 | D:6      | Reached skill level 1 in Necromancy
  6909 | D:6      | Reached skill level 6 in Air Magic
  6909 | D:6      | Reached XP level 8. HP: 34/43 MP: 16/16
  6942 | D:6      | HP: 1/43 [orc warrior/+0 dire flail (27)]
  7067 | D:6      | Reached * piety under Ashenzari
  7465 | D:6      | Reached skill level 7 in Air Magic
  7627 | D:6      | Reached XP level 9. HP: 23/48 MP: 18/18
  8215 | D:7      | Noticed a skeletal warrior
  8215 | D:7      | Noticed a skeletal warrior
  8294 | D:7      | Noticed Duvessa
  8295 | D:7      | Noticed Dowan
  8390 | D:7      | Killed Duvessa
  8394 | D:7      | Killed Dowan
  8394 | D:7      | Noticed Joseph
  8595 | D:7      | Killed Joseph
  8595 | D:7      | Reached skill level 8 in Air Magic
  9183 | D:8      | Learned a level 3 spell: Ozocubu's Armour
  9223 | D:8      | Learned a level 3 spell: Frozen Ramparts
  9317 | D:8      | Reached skill level 1 in Ice Magic
  9426 | D:8      | Reached skill level 9 in Air Magic
  9523 | D:7      | Reached ** piety under Ashenzari
  9775 | D:7      | Reached XP level 10. HP: 43/53 MP: 14/21
  9888 | D:6      | Bought a scorched great sword for 264 gold pieces
  9888 | D:6      | Identified the +8 great sword of the End {vorpal, Str+3}
                  | (You bought it in a shop on level 6 of the Dungeon)
  9970 | D:7      | Found a sacrificial altar of Ru.
  9984 | D:7      | Found a shimmering blue altar of Sif Muna.
  9987 | D:7      | Found an ancient bone altar of Kikubaaqudgha.
 10016 | D:7      | Noticed a skeletal warrior
 10039 | D:8      | Noticed a two-headed ogre
 10054 | D:7      | Noticed a skeletal warrior
 10072 | D:7      | Killed a skeletal warrior
 10077 | D:7      | Slain by a skeletal warrior

Levels and vault maps discovered:
D:1:      saegor_arrival_fortress, layout_basic
D:2:      layout_loops_corners
D:3:      layout_basic, nicolae_overflow_crystal_walls,
          okawaru_ov_weapons_minmay
D:4:      layout_loops_corners, serial_shops, shop, first_ration,
          portal_sewer_entry_f
D:5:      layout_loops_ring, temple_statues, elyvilon_altar_3,
          uniq_crazy_yiuf_cottage
D:6:      layout_gridville, serial_shops, nicolae_shop_behind_doors
D:7:      layout_loops_ring, minmay_overflow_temple_star_quad, grunt_potential,
          uniq_joseph, uniq_duvessa
D:8:      layout_loops_ring, hangedman_little_slice_of_home
Temple:   dpeg_five_rooms_temple

Skill      XL: |  1  2  3  4  5  6  7  8  9 10 |
---------------+-------------------------------+-----
Air Magic      | 1 2 3 4 6 7 9 |  9.3
Fighting       | 1 2 |  2.2
Spellcasting   | 3 4 5 7 |  7.4
Short Blades   | 1 2 3 |  3.8
Fire Magic     | 1 2 3 4 |  4.3
Dodging        | 3 4 |  4.1
Conjurations   | 1 2 4 |  4.8
Long Blades    | 1 2 |  2.2
Necromancy     | 1 2 3 |  3.6
Ice Magic      | 1 2 |  2.3
Throwing       | |  0.2
Stealth        | |  2.0
Transmutations | |  0.9
Poison Magic   | |  3.4

Action                   |  1- 3 |  4- 6 |  7- 9 | 10-12 || total
-------------------------+-------+-------+-------+-------++-------
Melee: Dagger            |    38 |    24 |   213 |    14 ||   289
       Unarmed           |    10 |       |       |       ||    10
       Kick              |    12 |    18 |    65 |     7 ||   102
       Peck              |     5 |     4 |    46 |     1 ||    56
       Falchion          |       |    60 |     5 |       ||    65
       Great sword       |       |       |       |    10 ||    10
Throw: Dart              |       |       |     1 |     1 ||     2
 Cast: Poisonous Vapours |    14 |    69 |    85 |     5 ||   173
       Mephitic Cloud    |       |     4 |    15 |     2 ||    21
       Ignite Poison     |       |       |     3 |     2 ||     5
       Frozen Ramparts   |       |       |     3 |     1 ||     4
       Ozocubu's Armour  |       |       |     1 |       ||     1
Invok: Curse Item        |       |       |     3 |       ||     3
 Abil: Fly               |       |       |     2 |       ||     2
       Stop Flying       |       |       |     2 |       ||     2
  Use: Scroll            |     2 |     6 |       |     1 ||     9
       Potion            |       |       |     6 |     3 ||     9
 Stab: Sleeping          |     6 |     5 |     8 |       ||    19
       Confused          |       |     2 |     2 |       ||     4
  Eat: Chunk             |     1 |     9 |    10 |     2 ||    22
       Ration            |       |     2 |     2 |       ||     4
Armor: Robe              |     7 |    10 |    41 |     3 ||    61
       Skin              |       |    11 |       |       ||    11
Dodge: Dodged            |    34 |    43 |   129 |    16 ||   222
       Rpst.: Falchion   |       |    12 |       |       ||    12
       Great sword       |       |       |       |     4 ||     4

Table legend:
 A = Non-vault XP
 B = Vault XP
 C = Vault XP percentage of total XP
 D = Non-vault monster count
 E = Vault monster count
 F = Vault count percentage of total count
                 A         B        C        D         E       F
            +---------+---------+-------+---------+---------+-------
      Total |    3337 |    2333 |  41.1 |     126 |      79 |  38.5
            +---------+---------+-------+---------+---------+-------
        D:1 |      14 |       6 |  30.0 |       7 |       2 |  22.2
        D:2 |      93 |       0 |   0.0 |      25 |       0 |   0.0
        D:3 |     115 |       0 |   0.0 |      19 |       0 |   0.0
        D:4 |     126 |      12 |   8.7 |       8 |       5 |  38.5
        D:5 |     248 |       0 |   0.0 |      11 |       0 |   0.0
        D:6 |    1582 |       0 |   0.0 |      27 |       0 |   0.0
        D:7 |     732 |    1766 |  70.7 |      22 |      16 |  42.1
        D:8 |     427 |     166 |  28.0 |       7 |       8 |  53.3
      Sewer |       0 |     383 | 100.0 |       0 |      48 | 100.0
            +---------+---------+-------+---------+---------+-------
